 Dungeon Crawl Stone Soup version 0.30-a0-122-g2a1322497e (webtiles) character file.

Game seed: 6832203181634697886

6120 pokeman the Thaumaturge (level 10, -6/49 (56) HPs)
             Began as a Deep Elf Hedge Wizard on Sept 16, 2022.
             Killed by the air
             ... invoked by Gastronok
              (32 damage)
             ... on level 8 of the Dungeon.
             The game lasted 00:27:51 (10487 turns).

pokeman the Thaumaturge (Deep Elf Hedge Wizard)    Turns: 10487, Time: 00:27:51

HP:   -6/49 (56)    AC: 16    Str:  7    XL:     10   Next: 59%
MP:   27/29         EV: 12    Int: 26    God:
Gold: 687           SH:  5    Dex: 14    Spells: 26/36 levels left

rFire   + + .      SeeInvis .    v - +1 trident (venom)
rCold   . . .      Faith    .    (no shield)
rNeg    . . .      Spirit   .    I - +2 leather armour of the Iron City of Dis {rPois rF+}
rPois   +          Reflect  +    J - +1 helmet of Generosity {Int+2}
rElec   .          Harm     .    r - +2 cloak
rCorr   .          Rampage  .    S - +0 pair of gloves {Stlth+}
Will    +....                    (no boots)
Stlth   +++.......               h - amulet of reflection
HPRegen 0.16/turn                A - ring of protection from fire
MPRegen 0.21/turn                R - +4 ring of protection

@: heavily drained
A: no striking features
a: no special abilities


You were on level 8 of the Dungeon.
You visited 2 branches of the dungeon, and saw 9 of its levels.
You also visited: Ossuary and Bailey.

You collected 687 gold pieces.

Inventory:

Hand Weapons
 q - a +3 quarterstaff of chaos
 v - a +1 trident of venom (weapon)
 M - a +0 shortbow
Armour
 r - a +2 cloak (worn)
 I - the +2 leather armour of the Iron City of Dis (worn) {rPois rF+}
   (You found it on level 4 of the Dungeon)

   rF:        It protects you from fire.
   rPois:     It protects you from poison.
 J - the +1 helmet of Generosity (worn) {Int+2}
   (You found it on level 4 of the Dungeon)

   Int:       It affects your intelligence (+2).
 N - +0 steam dragon scales
 Q - a +2 robe of cold resistance
 S - a +0 pair of gloves of stealth (worn)
 T - the +0 hat of the Vaults {Rampage rElec Str-2}
   (You found it in a bailey)

   Str:       It affects your strength (-2).
   rElec:     It insulates you from electricity.
   Rampage:   It bestows one free step when moving towards enemies.
 U - the +5 robe of Misfortune {Harm *Corrode *Slow EV+5}
   (You found it in a bailey)

   EV:        It affects your evasion (+5).
   *Corrode:  It may corrode you when you take damage.
   *Slow:     It may slow you when you take damage.
   Harm:      It increases damage dealt and taken.
Magical Staves
 D - a staff of air
 K - a staff of death
Jewellery
 h - an amulet of reflection (around neck)
 j - an amulet of guardian spirit
 t - an amulet of regeneration
 A - a ring of protection from fire (left hand)
 P - an amulet of the acrobat
 R - a +4 ring of protection (right hand)
Wands
 w - a wand of flame (15)
 F - a wand of light (10)
 G - a wand of polymorph (10)
Scrolls
 a - 4 scrolls of noise {unknown}
 c - 14 scrolls of identify {unknown}
 k - 3 scrolls of amnesia {unknown}
 l - 4 scrolls of blinking {unknown}
 m - 2 scrolls of fog {unknown}
 p - 3 scrolls of enchant armour {unknown}
 s - 8 scrolls of teleportation {unknown}
 y - 4 scrolls of enchant weapon {unknown}
 B - a scroll of acquirement {unknown}
 C - a scroll of silence {unknown}
 E - 2 scrolls of magic mapping {unknown}
 W - 3 scrolls of summoning {unknown}
 X - a scroll of torment {unknown}
Potions
 b - 2 potions of mutation {unknown}
 d - 2 potions of magic
 e - 3 potions of lignification {unknown}
 f - 2 potions of ambrosia {unknown}
 g - a potion of flight {unknown}
 i - 9 potions of curing {unknown}
 n - 5 potions of brilliance {unknown}
 o - 6 potions of heal wounds {unknown}
 u - a potion of haste {unknown}
 x - a potion of might {unknown}
 z - 3 potions of attraction {unknown}
 H - a potion of degeneration {unknown}
 L - 2 potions of invisibility {unknown}
 O - 2 potions of cancellation {unknown}
 Y - a potion of resistance {unknown}
Miscellaneous
 V - a box of beasts


   Skills:
 - Level 4.0 Fighting
 + Level 3.7 Armour
 - Level 3.0 Dodging
 - Level 3.0 Stealth
 * Level 13.7 Spellcasting
 + Level 7.9 Conjurations
 - Level 1.1 Summonings
 + Level 7.8 Necromancy
 - Level 1.1 Translocations
 - Level 1.2 Air Magic
 - Level 1.2 Poison Magic
 - Level 1.0 Evocations


You had 26 spell levels left.
You knew the following spells:

 Your Spells              Type           Power      Damage    Failure   Level
a - Magic Dart            Conj           100%       1d8       1%          1
b - Mephitic Cloud        Conj/Pois/Air  35%        N/A       3%          3
c - Call Imp              Summ           23%        N/A       4%          2
d - Blink                 Tloc           46%        N/A       4%          2
e - Cigotuvi's Dreadful   Necr/Pois/Air  70%        N/A       1%          2

Your spell library contained the following spells:

 Spells                   Type           Power      Damage    Failure   Level
 Necrotise                Necr           100%       1d9       1%          1
 Apportation              Tloc           46%        N/A       3%          1
 Summon Small Mammal      Summ           92%        N/A       3%          1
 Slow                     Hex            68%        N/A       4%          1


Dungeon Overview and Level Annotations

Branches:
Dungeon (8/15)             Temple (1/1) D:6         Ossuary (visited)
 Bailey (visited)
   Lair: D:8-11

Altars:
Ashenzari
Cheibriados
Fedhas
Gozag
Hepliaklqana
Kikubaaqudgha
Makhleb
Nemelex Xobeh
Okawaru
Qazlal
Ru
Sif Muna
Trog
Uskayaw
Wu Jian
Xom
Yredelemnul
Zin
The Shining One

Annotations:
D:8 Gastronok


Message History

Aim: Gastronok, wearing a +0 hat of intelligence (black smoke, severely wounded, extremely poisoned, chance to affect: 5%)
The ball explodes into a vile cloud!
The stinking cloud engulfs Gastronok but does no damage.
Gastronok is severely wounded.
The stinking cloud engulfs the rat but does no damage.
The rat twitches its whiskers.
The rat is engulfed in noxious fumes.
The rat appears confused.
The rat bites Gastronok.
Unknown command.
Reach: v) +1 trident (venom)
Press: ? - help, Dir - move target, f/p - Gastronok
Aim: Gastronok, wearing a +0 hat of intelligence (severely wounded, extremely poisoned, about 7% to evade your +1 trident of venom)
You reach to attack!
You puncture Gastronok!
Gastronok is severely wounded.
The rat is engulfed in noxious fumes.
The rat appears confused.
The rat runs around in a circle.
Reach: v) +1 trident (venom)
Press: ? - help, Dir - move target, f/p - Gastronok
Aim: Gastronok, wearing a +0 hat of intelligence (severely wounded, extremely poisoned, about 7% to evade your +1 trident of venom)
You hit Gastronok.
Gastronok looks as sick as possible!
Gastronok is severely wounded.
The rat is engulfed in noxious fumes.
The rat appears confused.
Gastronok's eyestalks stretch out, then return to normal size.
Reach: v) +1 trident (venom)
Press: ? - help, Dir - move target, f/p - Gastronok
Aim: Gastronok, wearing a +0 hat of intelligence (severely wounded, extremely poisoned, about 7% to evade your +1 trident of venom)
You hit Gastronok.
Gastronok looks as sick as possible!
Gastronok is severely wounded.
The rat bites Gastronok.
The rat bites itself.
Reach: v) +1 trident (venom)
Press: ? - help, Dir - move target, f/p - Gastronok
Aim: Gastronok, wearing a +0 hat of intelligence (severely wounded, extremely poisoned, about 7% to evade your +1 trident of venom)
You hit Gastronok.
Gastronok looks as sick as possible!
Gastronok is almost dead.
Gastronok bites you!!
The rat bites Gastronok.
Gastronok waves his eye-stalks in wide circles.
The air twists around and strikes you!!
Ouch! That really hurt!
You die...

###..........
#......##....
##.#....##....
######..#......####
#.......##.....# #.
#.......##.....#
#ยง
#.......##.....# #.
####..########## #.
#########@..## ##
#>...rrw..###
#.######### #..
#... #.... #w....
#...... #.......


You could see Gastronok (extremely poisoned) and 2 rats.

Vanquished Creatures
  A deep elf zephyrmancer (Bailey)
  An orc knight (Bailey)
  Maggie (D:6)
  Prince Ribbit (D:8)
  Sigmund (D:6)
  A wyvern (D:6)
  2 steam dragons (D:7)
  Menkaure (D:6)
  6 orc warriors (Bailey)
  3 ice beasts
  4 sky beasts
  A black bear (D:7)
  3 phantoms (D:5)
  A centaur (D:6)
  A bullfrog (D:7)
  A scorpion (D:4)
  A necrophage (D:4)
  14 wights
  9 killer bees (D:8)
  4 howler monkeys
  2 orc priests (D:6)
  Crazy Yiuf (D:2)
  4 hounds (D:5)
  A jelly (D:6)
  A gnoll bouda (D:8)
  Ijyb (D:3)
  5 iguanas
  8 mummies (Ossuary)
  9 adders
  10 gnolls
  2 white imps (D:6)
  2 worms
  2 dart slugs (D:1)
  28 orcs
  8 endoplasms
  3 giant cockroaches
  3 gnoll zombies (Ossuary)
  7 hobgoblins
  4 jackals (D:2)
  6 kobolds
  4 quokkas
  7 ball pythons
  9 bats
  7 frilled lizards
  7 goblins
  2 hobgoblin zombies (Ossuary)
  2 kobold zombies (Ossuary)
  An orc zombie (Ossuary)
  7 rats
210 creatures vanquished.

Vanquished Creatures (collateral kills)
  A water moccasin (D:7)
  A wight (D:8)
  2 killer bees (D:8)
4 creatures vanquished.

Grand Total: 214 creatures vanquished

Notes
Turn   | Place    | Note
-------+----------+-------------------------------------------
     0 | D:1      | pokeman the Deep Elf Hedge Wizard began the quest for the
                  | Orb.
     0 | D:1      | Reached XP level 1. HP: 10/10 MP: 7/7
   301 | D:1      | Reached XP level 2. HP: 16/16 MP: 4/9
   601 | D:1      | Reached skill level 5 in Spellcasting
   845 | D:1      | Reached XP level 3. HP: 20/20 MP: 9/11
   849 | D:1      | Learned a level 3 spell: Mephitic Cloud
   852 | D:1      | Learned a level 2 spell: Call Imp
   855 | D:1      | Learned a level 2 spell: Blink
   858 | D:1      | Learned a level 2 spell: Cigotuvi's Dreadful Rot
  1330 | D:2      | Reached skill level 1 in Armour
  1600 | D:2      | Reached skill level 1 in Fighting
  1988 | D:2      | Found a runed translucent door.
  1989 | D:2      | Noticed Crazy Yiuf
  2013 | D:2      | Killed Crazy Yiuf
  2014 | D:2      | Reached XP level 4. HP: 18/25 MP: 3/13
  2525 | D:3      | Reached skill level 6 in Spellcasting
  2570 | D:3      | Reached XP level 5. HP: 29/29 MP: 2/15
  2825 | D:3      | Noticed Ijyb
  2841 | D:3      | Killed Ijyb
  3403 | D:3      | Reached skill level 1 in Necromancy
  3600 | D:4      | Reached skill level 1 in Air Magic
  3600 | D:4      | Reached XP level 6. HP: 26/34 MP: 0/17
  3661 | D:4      | Reached skill level 1 in Poison Magic
  4028 | D:4      | Identified the +1 helmet of Generosity {Int+2}
  4061 | D:4      | Identified the +2 leather armour of the Iron City of Dis
                  | {rPois rF+}
  4327 | D:5      | Entered Level 5 of the Dungeon
  4390 | D:5      | Reached skill level 7 in Spellcasting
  4390 | D:5      | Reached skill level 1 in Evocations
  4553 | D:5      | Reached XP level 7. HP: 31/38 MP: 5/20
  4744 | D:5      | Found a glowing silver altar of Zin.
  4899 | D:5      | Found a broken altar of Ashenzari.
  4949 | D:5      | Reached skill level 8 in Spellcasting
  5265 | D:5      | Found an opulent altar of Gozag.
  5382 | D:6      | Noticed Maggie
  5546 | D:6      | Killed Maggie
  5547 | D:6      | Reached skill level 9 in Spellcasting
  5547 | D:6      | Reached XP level 8. HP: 39/44 MP: 17/23
  5622 | D:6      | Reached skill level 5 in Conjurations
  5685 | D:6      | Noticed Menkaure
  5704 | D:6      | Killed Menkaure
  5705 | D:6      | Reached skill level 10 in Spellcasting
  6277 | D:6      | Noticed Sigmund
  6284 | D:6      | Killed Sigmund
  6285 | D:6      | Reached skill level 5 in Necromancy
  6285 | D:6      | Reached XP level 9. HP: 48/48 MP: 22/25
  6790 | D:6      | Reached skill level 11 in Spellcasting
  6803 | D:6      | Found a basalt altar of Yredelemnul.
  6927 | D:6      | Found a staircase to the Ecumenical Temple.
  6943 | Temple   | Entered the Ecumenical Temple
  7878 | D:6      | Found a blossoming altar of Fedhas.
  8033 | D:7      | Found a snail-covered altar of Cheibriados.
  8072 | D:7      | Found a flagged portal.
  8081 | Bailey   | Entered a bailey
  8373 | Bailey   | Noticed an orc knight
  8383 | Bailey   | Killed an orc knight
  8384 | Bailey   | Reached skill level 12 in Spellcasting
  8534 | Bailey   | Found a large runed translucent door.
  8534 | Bailey   | Found a large runed translucent door.
  8535 | Bailey   | Noticed a deep elf zephyrmancer
  8537 | Bailey   | Found the +5 robe of Misfortune {Harm *Corrode *Slow EV+5}
  8629 | Bailey   | Killed a deep elf zephyrmancer
  8630 | Bailey   | Reached XP level 10. HP: 56/56 MP: 23/28
  8652 | Bailey   | Identified the +0 hat of the Vaults {Rampage rElec Str-2}
  9174 | D:7      | Reached skill level 13 in Spellcasting
  9388 | D:7      | You fall into a shaft and drop 1 floor!
  9486 | D:8      | Found a sand-covered staircase.
  9489 | Ossuary  | Entered an ossuary
 10140 | D:8      | Noticed Prince Ribbit
 10150 | D:8      | Killed Prince Ribbit
 10433 | D:8      | Noticed Gastronok
 10487 | D:8      | Killed from afar by Gastronok

Illustrated notes

Levels and vault maps discovered:
D:1:      dpeg_arrival_subterranean_lakeside_camping, layout_basic
D:2:      layout_loops_ring, uniq_crazy_yiuf_cottage
D:3:      layout_basic, uniq_ijyb
D:4:      layout_cave_pools, nrook_loot_triangle
D:5:      layout_basic, cheibrodos_ashenzari_chains,
          mainiacjoe_overflow_concentric_impassable, grunt_gozag_statues
D:6:      minmay_evil_eye, layout_basic, fedhas_altar_fruit_tree,
          mainiacjoe_overflow_surrounded_room, minmay_temple_entry_slanted,
          uniq_menkaure, uniq_sigmund, uniq_maggie
D:7:      layout_gridville, cheibriados_altar_1, enter_bailey_2,
          hangedman_misty_isle, uniq_pikel
D:8:      layout_basic, lightli_ossuary_entry_decrepit_ruins,
          uniq_prince_ribbit1, uniq_gastronok
Temple:   nicolae_temple_bog_church

Skill      XL: |  1  2  3  4  5  6  7  8  9 10 |
---------------+-------------------------------+-----
Spellcasting   | 5 6 7 9 10 12 13 | 13.7
Armour         | 1 2 3 |  3.7
Fighting       | 1 2 3 4 |  4.0
Conjurations   | 2 3 4 5 7 |  7.9
Stealth        | 3 |  3.0
Dodging        | 3 |  3.0
Necromancy     | 1 3 5 6 7 |  7.8
Air Magic      | 1 |  1.2
Poison Magic   | 1 |  1.2
Evocations     | 1 |  1.0
Summonings     | |  1.1
Translocations | |  1.1

Action                   |  1- 3 |  4- 6 |  7- 9 | 10-12 || total
-------------------------+-------+-------+-------+-------++-------
Melee: Hand axe          |     9 |       |       |       ||     9
       Punch             |     1 |     1 |     2 |     4 ||     8
       Flail             |     6 |       |       |       ||     6
       Quarterstaff      |       |     2 |       |       ||     2
       Trident           |       |    22 |    94 |   117 ||   233
 Cast: Magic Dart        |    94 |   153 |   237 |   153 ||   637
       Call Imp          |     3 |       |    14 |     4 ||    21
       Mephitic Cloud    |     1 |     3 |    20 |    20 ||    44
       Cigotuvi's Dreadf |       |       |     2 |     3 ||     5
       Blink             |       |       |     3 |       ||     3
 Stab: Sleeping          |     1 |     1 |       |       ||     2
       Confused          |       |     3 |     6 |    14 ||    23
Armor: Robe              |     2 |       |       |       ||     2
       Leather armour    |     5 |    12 |    24 |    53 ||    94
Dodge: Dodged            |    24 |    19 |    57 |    79 ||   179
Block: Other             |    10 |     8 |    21 |    32 ||    71
       Reflection        |     2 |     1 |     3 |     1 ||     7

Table legend: (Time is in decaauts)
 A = Elapsed time spent in this place.
 B = Non-inter-level travel time spent in this place.
 C = Inter-level travel time spent in this place.
 D = Time resting spent in this place.
 E = Time spent auto-exploring this place.
 F = Levels seen in this place.
 G = Mean time per level.
                   A        B        C        D        E       F      G
               +--------+--------+--------+--------+--------+-----+--------+
         Total |  10575 |  10255 |    320 |    481 |   7606 |  11 |  961.4 |
       Dungeon |   9144 |   8842 |    302 |    281 |   6758 |   8 | 1143.0 |
        Temple |    305 |    287 |     18 |      0 |    271 |   1 |  305.0 |
       Ossuary |    500 |    500 |      0 |      0 |    371 |   1 |  500.0 |
        Bailey |    626 |    626 |      0 |    200 |    206 |   1 |  626.0 |
               +--------+--------+--------+--------+--------+-----+--------+

Top non-repeatable levels by time:
     D:6: 2319 daAuts
     D:2: 1320 daAuts
     D:5: 1186 daAuts
     D:1: 1179 daAuts
     D:3: 1076 daAuts
     D:4: 759 daAuts
     D:7: 679 daAuts
  Bailey: 626 daAuts
     D:8: 622 daAuts
 Ossuary: 500 daAuts
  Temple: 305 daAuts
